 Dungeon Crawl Stone Soup version 0.25-a0-665-ga69d64035b (webtiles) character file.

Game seed: 11390347517229670397, levelgen mode: deterministic

1754 kae the Zephyrmancer (level 9, -1/45 HPs)
             Began as a Tengu Air Elementalist on Mar 26, 2020.
             Was a Follower of Vehumet.
             Killed by their own static electricity (2 damage)
             ... on level 5 of the Dungeon.
             The game lasted 00:09:01 (6816 turns).

kae the Zephyrmancer (Tengu Air Elementalist)       Turns: 6816, Time: 00:09:02

Health: -1/45      AC:  3    Str:  9    XL:     9   Next: 6%
Magic:  21/27      EV: 15    Int: 19    God:    Vehumet [*.....]
Gold:   188        SH:  0    Dex: 14    Spells: 3/18 levels left

rFire    . . .     SeeInvis .   b - +0 whip (flame)
rCold    . . .     Gourm    .   (no shield)
rNeg     . . .     Faith    .   i - +1 robe
rPois    .         Spirit   .   (helmet restricted)
rElec    .         Reflect  .   (no cloak)
rCorr    .         Harm     .   (no gloves)
MR       .....                  (boots unavailable)
Stlth    ++........             (no amulet)
HPRegen  0.15/turn              m - ring of magical power
MPRegen  0.20/turn              (no ring)

@: flying quickly and evasively, quick
A: beak, talons 3, able to fly
a: Stop Flying, Renounce Religion


You were on level 5 of the Dungeon.
You worshipped Vehumet.
Vehumet was aware of your devotion.
You were not hungry.

You visited 2 branches of the dungeon, and saw 6 of its levels.
You also visited: Sewer.

You collected 188 gold pieces.

Inventory:

Hand Weapons
 a - a +2 dagger of electrocution
 b - a +0 whip of flaming (weapon)
Armour
 i - a +1 robe (worn)
Jewellery
 m - a ring of magical power (left hand)
 t - an uncursed ring of protection from magic {unknown}
Wands
 g - a wand of enslavement (10)
Scrolls
 e - 3 scrolls of enchant armour
 j - 3 scrolls of teleportation
 k - 3 scrolls of remove curse
 o - a scroll of fear
 v - a scroll of amnesia {unknown}
Potions
 d - a potion of haste
 f - 2 potions of lignification
 h - a potion of cancellation
 l - a potion of magic
 n - a potion of stabbing
 p - a potion of might {unknown}
 q - 3 potions of heal wounds {unknown}
 r - 2 potions of curing {unknown}
 s - 7 potions of brilliance
Comestibles
 c - 8 rations
 u - 5 chunks of flesh


   Skills:
 - Level 2.1 Dodging
 - Level 2.0 Stealth
 + Level 5.4 Spellcasting
 + Level 7.4 Conjurations
 * Level 11.1 Air Magic


You had 3 spell levels left.
You knew the following spells:

 Your Spells              Type           Power        Failure   Level  Hunger
a - Shock                 Conj/Air       ####         1%          1    None
b - Static Discharge      Conj/Air       #####...     1%          3    ##.....
c - Swiftness             Chrm/Air       ####....     1%          2    None
d - Airstrike             Air            #####.....   1%          4    ####...
e - Lightning Bolt        Conj/Air       #####.....   8%          5    #####..

Your spell library contained the following spells:

 Spells                   Type           Power        Failure   Level  Hunger
 Foxfire                  Conj/Fire      ###.         2%          1    None


Dungeon Overview and Level Annotations

Branches:
Dungeon (5/15)             Temple (1/1) D:4           Sewer (visited)

Altars:
Ashenzari
Cheibriados
Dithmenos
Elyvilon
Fedhas
Gozag
Hepliaklqana
Kikubaaqudgha
Makhleb
Nemelex Xobeh
Okawaru
Qazlal
Ru
Sif Muna
Trog
Uskayaw
Vehumet
Wu Jian
Xom
Zin

Annotations:
D:4 exclusion: ogre


Innate Abilities, Weirdness & Mutations

You have a beak for a mouth.
You have claws for feet.
You can fly continuously.


Message History

The centaur is lightly wounded.
You are struck by an arc of lightning.
* * * LOW HITPOINT WARNING * * *
The centaur is struck by an arc of lightning.
The centaur is moderately wounded.
The lightning grounds out.
The centaur hits you.
* * * LOW HITPOINT WARNING * * *
The centaur misses you.
A jackal comes into view.
The centaur misses you.
Casting: Static Discharge (safe; 1% risk of failure)
Confirm with . or Enter, or press ? or * to list all spells.
The centaur is struck by an arc of lightning!
The centaur is heavily wounded.
You are struck by an arc of lightning.
* * * LOW HITPOINT WARNING * * *
The centaur is struck by an arc of lightning!
The centaur is almost dead.
You are struck by an arc of lightning.
You die...

#......###..# ##
#...........#
#..#.<...#.###.#
#.....##.#...#
#.....'..#.###
+.....####[#
#.....((.#.###.##
#.....##.........
#.....##.@..##.#
#.....##..c.#
########h...#
....... .......#.
........# ..
#........# .
...h.....#


You could see a centaur and 2 jackals.

Vanquished Creatures
  Pikel (D:4)
  Sigmund (D:4)
  The ghost of Esekla the Stinger, an amateur OpVM of Ashenzari (D:4)
  A sky beast (D:5)
  2 slaves (D:4)
  2 ogres
  A phantom (D:4)
  2 big kobolds (Sewer)
  A scorpion (D:5)
  An orc priest (D:3)
  An iguana (D:4)
  An orc wizard (D:4)
  5 worker ants
  11 adders
  6 gnolls
  2 river rats
  An ooze (Sewer)
  2 worms
  2 dart slugs
  4 leopard geckos
  9 orcs
  5 ball pythons
  3 giant cockroaches
  13 hobgoblins
  2 jackals (D:2)
  A quokka (D:2)
  3 bats
  7 frilled lizards
  6 goblins
  20 kobolds
  28 rats
145 creatures vanquished.

Vanquished Creatures (others)
  A minotaur (D:1)
  An octopode (D:1)
  2 gargoyles (D:1)
  A troll (D:1)
  A formicid (D:1)
  A spriggan (D:1)
  A human (D:1)
  A naga (D:1)
  2 dwarves (D:1)
  An ogre (D:1)
  A centaur (D:1)
  An orc (D:1)
  A kobold (D:1)
  5 tentacles (D:1)
20 creatures vanquished.

Grand Total: 165 creatures vanquished

Notes
Turn   | Place    | Note
-------+----------+-------------------------------------------
     0 | D:1      | kae the Tengu Air Elementalist began the quest for the Orb.
     0 | D:1      | Reached XP level 1. HP: 10/10 MP: 4/4
     2 | D:1      | Noticed a human
     2 | D:1      | Noticed a centaur
     2 | D:1      | Noticed a spriggan
     2 | D:1      | Noticed a troll
     2 | D:1      | Noticed a naga
     2 | D:1      | Noticed a kraken
     2 | D:1      | Noticed a minotaur
     2 | D:1      | Noticed a dwarf
     2 | D:1      | Noticed a gargoyle
     2 | D:1      | Noticed an ogre
     2 | D:1      | Noticed a gargoyle
     2 | D:1      | Noticed an octopode
     2 | D:1      | Noticed a dwarf
     2 | D:1      | Noticed a formicid
     5 | D:1      | Killed a human
     5 | D:1      | Killed a centaur
     5 | D:1      | Killed a dwarf
     6 | D:1      | Killed an ogre
     7 | D:1      | Killed a troll
     8 | D:1      | Killed an octopode
     8 | D:1      | Killed a gargoyle
     9 | D:1      | Killed a spriggan
     9 | D:1      | Killed a naga
    11 | D:1      | Killed a gargoyle
    11 | D:1      | Killed a minotaur
    12 | D:1      | Killed a formicid
    13 | D:1      | Killed a dwarf
   222 | D:1      | Reached XP level 2. HP: 15/15 MP: 3/6
  1236 | D:2      | Reached XP level 3. HP: 19/19 MP: 3/7
  1308 | D:2      | Reached skill level 5 in Air Magic
  1492 | D:1      | Learned a level 3 spell: Static Discharge
  1495 | D:1      | Learned a level 2 spell: Swiftness
  1723 | D:2      | Reached XP level 4. HP: 6/24 MP: 2/8
  2030 | D:2      | Found an ancient bone altar of Kikubaaqudgha.
  2030 | D:2      | Found a hide-covered altar of Uskayaw.
  2030 | D:2      | Found an ornate altar of the Wu Jian Council.
  2059 | D:2      | Found a snail-covered altar of Cheibriados.
  2994 | D:3      | Found a shattered altar of Ashenzari.
  3037 | D:3      | Gained mutation: You can fly continuously. [Tengu growth]
  3037 | D:3      | Reached XP level 5. HP: 26/28 MP: 10/10
  3041 | D:3      | Reached skill level 6 in Air Magic
  3134 | D:3      | Found a glowing drain.
  3166 | Sewer    | Entered a sewer
  3520 | Sewer    | Noticed a big kobold
  3532 | Sewer    | Killed a big kobold
  3532 | Sewer    | Reached skill level 7 in Air Magic
  3532 | Sewer    | Reached XP level 6. HP: 6/32 MP: 4/12
  4707 | D:4      | Found a staircase to the Ecumenical Temple.
  4764 | D:4      | Learned a level 4 spell: Airstrike
  4770 | D:4      | Reached XP level 7. HP: 34/36 MP: 13/13
  4829 | Temple   | Entered the Ecumenical Temple
  4873 | Temple   | Became a worshipper of Vehumet
  5010 | D:4      | Reached skill level 8 in Air Magic
  5014 | D:4      | Reached skill level 5 in Conjurations
  5199 | D:4      | Found a runed translucent door.
  5200 | D:4      | Noticed Esekla's ghost (amateur OpVM)
  5366 | D:4      | Killed Esekla's ghost
  5457 | D:4      | Found a runed translucent door.
  5495 | D:4      | Reached skill level 9 in Air Magic
  5551 | D:4      | Noticed Sigmund
  5621 | D:4      | Killed Sigmund
  5621 | D:4      | Reached XP level 8. HP: 32/41 MP: 5/15
  5732 | D:4      | Found a sacrificial altar of Ru.
  6063 | D:4      | Noticed Pikel
  6118 | D:4      | Killed Pikel
  6118 | D:4      | Reached skill level 5 in Spellcasting
  6118 | D:4      | Reached skill level 10 in Air Magic
  6311 | D:5      | Entered Level 5 of the Dungeon
  6408 | D:5      | Found a sparkling altar of Nemelex Xobeh.
  6454 | D:5      | Found a shimmering altar of Xom.
  6461 | D:5      | Learned a level 5 spell: Lightning Bolt
  6595 | D:5      | Found a blossoming altar of Fedhas.
  6664 | D:5      | Reached * piety under Vehumet
  6664 | D:5      | Offered knowledge of Foxfire by Vehumet.
  6664 | D:5      | Reached XP level 9. HP: 44/45 MP: 14/18
  6671 | D:5      | Reached skill level 11 in Air Magic
  6814 | D:5      | HP: 2/45 [centaur (6)]
  6816 | D:5      | Killed from afar by themself

Levels and vault maps discovered:
D:1:      nicolae_arrival_kraken_aquarium_b, layout_basic
D:2:      layout_basic, nicolae_overflow_quartered_altars
D:3:      layout_loops_ring, portal_sewer_entry_d, evilmike_ruin_ashenzari
D:4:      layout_basic, nicolae_ru_great_annihilating_truth,
          minmay_temple_entry_stoned_glass, ebering_ghost_sewer_f, uniq_sigmund,
          uniq_pikel
D:5:      layout_basic, nicolae_overflow_crystal_walls, fedhas_altar_2,
          overflow_temple_1_default, first_ration
Temple:   minmay_temple_bridge_abc

Skill      XL: |  1  2  3  4  5  6  7  8  9 |
---------------+----------------------------+-----
Conjurations   | 2 3 4 6 7 |  7.4
Air Magic      | 5 7 9 10 11 | 11.1
Spellcasting   | 3 4 5 |  5.4
Dodging        | |  2.1
Stealth        | |  2.0

Action                   |  1- 3 |  4- 6 |  7- 9 || total
-------------------------+-------+-------+-------++-------
Melee: Kick              |     4 |     7 |       ||    11
       Unarmed           |     1 |       |       ||     1
       Dagger            |    17 |    40 |       ||    57
       Peck              |     2 |     4 |       ||     6
 Cast: Shock             |    54 |   141 |    78 ||   273
       Static Discharge  |       |     9 |    21 ||    30
       Airstrike         |       |       |    19 ||    19
       Swiftness         |       |       |     3 ||     3
 Abil: Fly               |       |     1 |       ||     1
  Use: Scroll            |       |    12 |     3 ||    15
       Potion            |       |     1 |       ||     1
 Stab: Sleeping          |     1 |     2 |       ||     3
  Eat: Chunk             |     3 |     6 |     5 ||    14
       Ration            |       |     1 |     2 ||     3
Armor: Robe              |     6 |    13 |     5 ||    24
Dodge: Dodged            |    15 |    51 |    20 ||    86

Table legend:
 A = Non-vault XP
 B = Vault XP
 C = Vault XP percentage of total XP
 D = Non-vault monster count
 E = Vault monster count
 F = Vault count percentage of total count
                 A         B        C        D         E       F
            +---------+---------+-------+---------+---------+-------
      Total |    1121 |    1386 |  55.3 |      83 |      60 |  42.0
            +---------+---------+-------+---------+---------+-------
        D:1 |      32 |       0 |   0.0 |      19 |       0 |   0.0
        D:2 |     101 |       0 |   0.0 |      20 |       0 |   0.0
        D:3 |     102 |      14 |  12.1 |      17 |       1 |   5.6
        D:4 |     508 |    1079 |  68.0 |      17 |      11 |  39.3
        D:5 |     378 |       0 |   0.0 |      10 |       0 |   0.0
      Sewer |       0 |     293 | 100.0 |       0 |      48 | 100.0
            +---------+---------+-------+---------+---------+-------
